 Dungeon Crawl Stone Soup version 0.22.0-38-g04b72b8 (webtiles) character file.

757 Fang the Chopper (level 7, -9/44 HPs)
             Began as a Gargoyle Berserker on Aug 30, 2018.
             Was a Priest of Trog.
             Killed from afar by Dowan (15 damage)
             ... with a shard of ice
             ... on level 5 of the Dungeon.
             The game lasted 00:04:46 (3250 turns).

Fang the Chopper (Gargoyle Berserker)               Turns: 3250, Time: 00:04:46

Health: -9/44      AC: 10    Str: 19 (22) XL:     7   Next: 79%
Magic:  7/7        EV: 13    Int:  7 (8)  God:    Trog [***...]
Gold:   181        SH:  0    Dex: 10 (13) Spells: 6/6 levels left

rFire    + . .     SeeInvis .   a - +0 hand axe
rCold    . . .     Gourm    .   (no shield)
rNeg     + . .     Faith    +   v - +0 robe "Xihoor" {-Tele rF+ Dex+4} (curse)
rPois    ∞         Spirit   .   (no helmet)
rElec    +         Reflect  .   (no cloak)
rCorr    .         Harm     .   h - +2 pair of gloves
MR       .....     NoTele   +   (no boots)
Stlth    ++........             r - amulet of faith
HPRegen  0.14/turn              (no ring)
MPRegen  0.10/turn              (no ring)

@: no status effects
A: negative energy resistance 1, electricity resistance, unbreathing,
petrification resistance, rot immunity, AC +4
a: Berserk, Trog's Hand, Renounce Religion


You were on level 5 of the Dungeon.
You worshipped Trog.
Trog was most pleased with you.
You were very hungry.

You visited 2 branches of the dungeon, and saw 6 of its levels.

You collected 181 gold pieces.

Inventory:

Hand Weapons
 a - a +0 hand axe (weapon)
 x - a +1 hand axe of venom
Armour
 h - a +2 pair of gloves (worn)
 v - the cursed +0 robe "Xihoor" (worn) {-Tele rF+ Dex+4}
   (You found it on level 4 of the Dungeon)

   It affects your dexterity (+4).
   It protects you from fire.
   It prevents most forms of teleportation.
   It has a curse placed upon it.
Jewellery
 r - an amulet of faith (around neck)
Wands
 w - a wand of flame (37)
Scrolls
 b - a scroll of enchant armour {unknown}
 d - a scroll of fear {unknown}
 f - 6 scrolls of identify {unknown}
 i - a scroll of blinking {unknown}
 j - 4 scrolls of teleportation {unknown}
 l - 6 scrolls of remove curse {unknown}
 n - 2 scrolls of enchant weapon {unknown}
 p - a scroll of immolation {unknown}
 q - a scroll of amnesia {unknown}
Potions
 e - 2 potions of degeneration
 k - a potion of haste
Comestibles
 c - 11 rations
 s - 2 chunks of flesh


   Skills:
 + Level 5.4 Fighting
 + Level 6.0 Axes
 + Level 3.0 Armour
 + Level 3.3 Dodging
 + Level 1.3 Stealth


You had 6 spell levels left.
You didn't know any spells.
Your spell library was empty.

Dungeon Overview and Level Annotations

Branches:
Dungeon (5/15)             Temple (1/1) D:4

Altars:
Ashenzari
Elyvilon
Hepliaklqana
Kikubaaqudgha
Makhleb

Annotations:
D:5 Dowan


Innate Abilities, Weirdness & Mutations

You are resistant to torment.
Your stone body is resilient. (AC +4)
You are immune to poison.
You resist negative energy. (rN+)
You are resistant to electric shocks. (rElec)
You can survive without breathing.
You are immune to petrification.
You are immune to rotting.


Message History

a dagger; a robe
Items here: ( ))))) [[[ ††††† You barely miss Dowan.
Dowan is almost dead.
Dowan closely misses you. Dowan barely misses you.
You hit Dowan.
Dowan is almost dead.
Dowan hits you but does no damage.
You closely miss Dowan.
Dowan is almost dead.
Dowan closely misses you.
You closely miss Dowan.
Dowan is almost dead.
Dowan barely misses you.
You closely miss Dowan.
Dowan is almost dead.
You recover from your berserk rage.
Dowan casts a spell at you. The shard of ice hits you!
You die...

##...................
#......#..........##
#.^.#.##..###.#####
###...###.# ..#
###.###.. .<..
#...####. ....# #.#.#
...... #.#... ....#.
#@#####
#####e....#...
#............%
#.............
#.............
#.............
#.............
#...>.........
#.............


You could see Dowan.

Vanquished Creatures
  Duvessa (D:5)
  An ice beast (D:5)
  A centaur (D:5)
  A phantom (D:4)
  2 orc priests
  4 orc wizards
  An iguana (D:5)
  Robin (D:3)
  4 gnolls (D:2)
  3 adders
  An ooze (D:1)
  2 worms
  3 dart slugs (D:1)
  3 leopard geckos
  13 orcs
  A ball python (D:2)
  9 bats
  8 giant cockroaches
  15 goblins
  8 hobgoblins
  14 jackals
  3 quokkas
  A frilled lizard (D:1)
  6 kobolds
  9 rats
115 creatures vanquished.

Notes
Turn   | Place    | Note
-------+----------+-------------------------------------------
     0 | D:1      | Fang the Gargoyle Berserker began the quest for the Orb.
     0 | D:1      | Reached XP level 1. HP: 14/14 MP: 1/1
    48 | D:1      | Reached XP level 2. HP: 19/19 MP: 2/2
    83 | D:1      | Reached skill level 3 in Axes
   183 | D:1      | Reached XP level 3. HP: 16/24 MP: 3/3
   688 | D:2      | Reached ** piety under Trog
   786 | D:2      | Reached XP level 4. HP: 29/29 MP: 4/4
  1603 | D:3      | Reached XP level 5. HP: 32/34 MP: 5/5
  1730 | D:3      | Reached skill level 4 in Axes
  1808 | D:3      | Found a burning altar of Makhleb.
  1812 | D:3      | Noticed Robin
  1819 | D:3      | Reached *** piety under Trog
  1825 | D:3      | Killed Robin
  1982 | D:3      | Found an ancient bone altar of Kikubaaqudgha.
  2197 | D:3      | Reached XP level 6. HP: 39/39 MP: 6/6
  2377 | D:4      | Noticed a phantom
  2411 | D:4      | Killed a phantom
  2563 | D:4      | Reached skill level 1 in Stealth
  2565 | D:4      | Reached skill level 5 in Axes
  2809 | D:4      | Found a staircase to the Ecumenical Temple.
  2865 | D:4      | Got a brightly glowing robe
  2876 | D:4      | Identified the cursed +0 robe "Xihoor" {-Tele rF+ Dex+4} (You found it on level 4 of the Dungeon)
  2891 | Temple   | Entered the Ecumenical Temple
  3077 | D:5      | Entered Level 5 of the Dungeon
  3083 | D:5      | Reached skill level 5 in Fighting
  3135 | D:5      | Noticed an ice beast
  3143 | D:5      | Killed an ice beast
  3143 | D:5      | Reached XP level 7. HP: 44/44 MP: 7/7
  3173 | D:5      | Noticed Duvessa
  3174 | D:5      | Noticed Dowan
  3194 | D:5      | Killed Duvessa
  3209 | D:5      | Reached skill level 6 in Axes
  3234 | D:5      | HP: 2/44 [Dowan/shard of ice (7)]
  3250 | D:5      | Killed from afar by Dowan

Skill      XL: |  1  2  3  4  5  6  7 |
---------------+----------------------+-----
Axes           | 3 4 5 6 |  6.0
Fighting       | 4 5 |  5.4
Dodging        | 2 3 |  3.3
Stealth        | 1 |  1.3
Armour         | 3 |  3.0

Action                   |  1- 3 |  4- 6 |  7- 9 || total
-------------------------+-------+-------+-------++-------
Melee: Hand axe          |    75 |   195 |    50 ||   320
Invok: Berserk           |     1 |     4 |     1 ||     6
  Use: Potion            |       |       |     7 ||     7
  Eat: Chunk             |       |     8 |     1 ||     9
       Ration            |       |     1 |       ||     1
Armor: Animal skin       |    29 |    33 |       ||    62
       Ring mail         |       |    50 |       ||    50
       Robe              |       |     4 |    22 ||    26
Dodge: Dodged            |    67 |   159 |    36 ||   262
